 Dungeon Sprint DCSS version 0.27-a0-1036-g8e1b44f6bd (webtiles) character file.

Game seed: 15545741810474727360

3096 mhtbhm the Scorcher (level 9, -19/46 HPs)
             Began as a Deep Elf Fire Elementalist on Apr 18, 2021.
             Was an Elder of Vehumet.
             Shot with a bolt by a yaktaur (37 damage)
             ... in the Dungeon (Sprint V: "Ziggurat Sprint").
             The game lasted 00:03:05 (323 turns).

mhtbhm the Scorcher (Deep Elf Fire Elementalist)     Turns: 323, Time: 00:03:05

Health: -19/46     AC:  9    Str:  5    XL:     9   Next: 59%
Magic:  24/28      EV: 17    Int: 36    God:    Vehumet [****..]
Gold:   0          SH:  0    Dex: 15    Spells: 18/34 levels left

rFire    + . .     SeeInvis +   C - +8 lance "Wyrmbane" {slay drac, rPois rF+ rC+ AC+3}
rCold    + . .     Faith    .   (no shield)
rNeg     + . .     Spirit   .   a - +2 robe {rN+}
rPois    +         Reflect  .   r - +1 helmet {SInv}
rElec    .         Harm     .   (no cloak)
rCorr    .         Rampage  .   (no gloves)
Will     .....     NoTele   +   (no boots)
Stlth    ++++......             (no amulet)
HPRegen  0.15/turn              u - +6 ring of intelligence
MPRegen  0.21/turn              v - +6 ring of intelligence

@: studying Short Blades
A: no striking features
a: Renounce Religion


You were in the Dungeon.
You worshipped Vehumet.
Vehumet was greatly pleased with you.
You visited 1 branch

Inventory:

Hand Weapons
 C - the +8 lance "Wyrmbane" (weapon) {slay drac, rPois rF+ rC+ AC+3}
   (You found it in the Dungeon)

   It affects your AC (+3).
   It protects you from fire.
   It protects you from cold.
   It protects you from poison.
Armour
 a - a +2 robe of positive energy (worn)
 r - a +1 helmet of see invisible (worn)
Jewellery
 u - a +6 ring of intelligence (left hand)
 v - a +6 ring of intelligence (right hand)
Wands
 y - a wand of mindburst (7)
 z - a wand of iceblast (4)
 A - a wand of acid (7)
Scrolls
 h - 2 scrolls of blinking
 m - 4 scrolls of amnesia
 n - 7 scrolls of fog
 o - a scroll of holy word
 p - 5 scrolls of identify
 q - a scroll of fear
Potions
 b - 2 potions of brilliance
 c - 10 potions of curing
 d - 9 potions of heal wounds
 e - 6 potions of haste
 f - 6 potions of magic
 g - 2 potions of berserk rage
 i - 2 potions of invisibility
 j - 4 potions of resistance
 k - a potion of experience
 l - 5 potions of might
Miscellaneous
 B - a lightning rod (4/4)


   Skills:
 + Level 0.6 Fighting
 + Level 1.3 Polearms
 + Level 9.5 Dodging
 + Level 8.7 Stealth
 + Level 13.1 Spellcasting
 + Level 4.8 Conjurations
 + Level 16.5 Fire Magic
 + Level 5.4 Evocations


You had 18 spell levels left.
You knew the following spells:

 Your Spells              Type           Power      Damage    Failure   Level
a - Foxfire               Conj/Fire      100%       2x1d9     0%          1
b - Conjure Flame         Conj/Fire      79%        6-21      1%          3
c - Inner Flame           Hex/Fire       70%        N/A       1%          3
d - Sticky Flame          Conj/Fire      79%        2d9       1%          4
e - Fireball              Conj/Fire      39%        3d16      1%          5

Your spell library contained the following spells:

 Spells                   Type           Power      Damage    Failure   Level
 Sandblast                Erth           46%        2d11      1%          1
 Corona                   Hex            25%        N/A       1%          1
 Sting                    Tmut/Pois      92%        1d7       1%          1
 Searing Ray              Conj           100%       3d7       1%          2
 Ignite Poison            Fire/Tmut/Pois 58%        N/A       1%          3
 Mephitic Cloud           Conj/Pois/Air  35%        N/A       1%          3
 Iskenderun's Battlesphe  Conj           56%        2d11      1%          5
 Poisonous Vapours        Pois/Air       46%        N/A       2%          2
 Slow                     Hex            23%        N/A       2%          2
 Portal Projectile        Hex/Tloc       46%        N/A       4%          3
 Olgreb's Toxic Radiance  Pois           23%        N/A       4%          4
 Irradiate                Conj/Tmut      20%        3d20      4%          5
 Cause Fear               Hex            11%        N/A       17%         4
 Leda's Liquefaction      Hex/Erth       11%        N/A       17%         4


Dungeon Overview and Level Annotations

Branches:
Dungeon (1/1)

Altars:
Ashenzari
Cheibriados
Dithmenos
Elyvilon
Fedhas
Gozag
Hepliaklqana
Kikubaaqudgha
Makhleb
Nemelex Xobeh
Okawaru
Qazlal
Ru
Sif Muna
Trog
Uskayaw
Vehumet
Wu Jian
Xom
Yredelemnul
Zin
The Shining One
Beogh
Jiyva
Lugonu

Annotations:
D 1 transporter


Message History

The fireball explodes!
The fireball engulfs the yaktaur!
The yaktaur is moderately wounded.
The fireball engulfs the yaktaur!!
The yaktaur is almost dead.
The yaktaur shouts!
The fireball engulfs the centaur!!
The centaur is almost dead.
The centaur shouts!
The fireball engulfs the yaktaur!!
The yaktaur is severely wounded.
The fireball engulfs the yaktaur!
The yaktaur is moderately wounded.
The yaktaur shouts!
The centaur wields a +0 shortbow.
The centaur shoots an arrow.
The arrow hits you!
The yaktaur wields a +0 arbalest.
The yaktaur shoots a bolt.
The bolt hits you!
The yaktaur wields a +0 arbalest.
The yaktaur shoots a bolt.
The bolt hits you!
Unknown command.
Unknown command.
Casting: Fireball (safe; 1% risk of failure)
Confirm with . or Enter, or press ? or * to list all spells.
Aiming: Fireball (safe; 1% risk of failure)
Press: ? - help, Shift-Dir - straight line, f/p - yaktaur
Aim: a yaktaur, wielding a +0 arbalest and quivering bolts (moderately wounded)
The fireball explodes!
The fireball engulfs the yaktaur!
The yaktaur is severely wounded.
The fireball engulfs the yaktaur!!
You kill the yaktaur!
Vehumet accepts your kill.
Vehumet offers you knowledge of Sandblast.
You feel your power returning.
The fireball engulfs the centaur!!
You kill the centaur!
Vehumet accepts your kill.
Vehumet is now extending the range of your destructive spells.
You feel your power returning.
The fireball engulfs the yaktaur!!
You kill the yaktaur!
Vehumet accepts your kill.
You feel your power returning.
The yaktaur shoots a bolt.
The bolt hits you!!!
Ouch! That really hurt!
You die...

▓..©..▓..©..▓▓▓▓▓▓▓
▓▓▓▓▓▓▓▓▓▓▓▓▓▓▓▓▓▓▓
▓..8©8...▓..8©8...▓
▓..))....▓..})}...▓
▓...)....▓..)c)c..▓
▓........▓........▓
▓........▓........▓
▓.▓....▓.▓.▓....▓.▓
▓...©....▓...@....▓
▓▓▓▓▓▓▓▓▓▓▓▓▓▓▓▓▓▓▓


You could see 2 yaktaurs.

Vanquished Creatures
  A two-headed ogre (D)
  4 draconians (D)
  2 yaktaurs (D)
  A troll (D)
  4 air elementals (D)
  A wolf (D)
  A centaur (D)
  2 river rats (D)
16 creatures vanquished.

Notes
Turn   | Place    | Note
-------+----------+-------------------------------------------
     0 | D        | mhtbhm the Deep Elf Fire Elementalist began the quest for
                  | the Orb.
     0 | D        | Reached XP level 1. HP: 10/10 MP: 6/6
     0 | D        | Found a shimmering blue altar of Sif Muna.
     0 | D        | Found a bloodstained altar of Trog.
     0 | D        | Found a sacrificial altar of Ru.
     0 | D        | Found a stormy altar of Qazlal.
     0 | D        | Found an iron altar of Okawaru.
     1 | D        | Found a sparkling altar of Nemelex Xobeh.
     1 | D        | Found a blossoming altar of Fedhas.
     2 | D        | Found the +6 Majin-Bo {vamp, MP+6 Int+6}
     2 | D        | Found the +9 heavy crossbow "Sniper" {vorpal, Acc+∞ SInv}
     2 | D        | Found the +10 dark maul {vorpal}
     2 | D        | Found the +15 Maxwell's patent armour {-Cast -Tele rElec
                  | Will+ rCorr}
     2 | D        | Found the +18 shield of the Gong {rElec rN+ Will+ EV-5}
     2 | D        | Found the +14 obsidian axe {vorpal, Drain Fly SInv}
     2 | D        | Found the +7 great mace "Firestarter" {inner flame, rF++}
     2 | D        | Found the +6 shillelagh "Devastator" {shatter}
     2 | D        | Found the +11 plutonium sword {Contam Stlth-}
     2 | D        | Found the +8 lance "Wyrmbane" {slay drac, rPois rF+ rC+
                  | AC+3}
     2 | D        | Found the +9 sword of Zonguldrok {reap}
     2 | D        | Found the +13 scythe of Curses {drain, Drain}
     2 | D        | Found the +5 sword of Power {vorpal}
     2 | D        | Found the +7 mace of Variability {chain chaos}
     2 | D        | Found the +7 Singing Sword {vorpal, sonic wave}
     2 | D        | Found the +8 storm bow {elec, penet}
     3 | D        | Found a transporter.
     3 | D        | Found an ancient bone altar of Kikubaaqudgha.
     3 | D        | Found a viscous altar of Jiyva.
     3 | D        | Found a corrupted altar of Lugonu.
     3 | D        | Found a hazy altar of Hepliaklqana.
     3 | D        | Found a burning altar of Makhleb.
     3 | D        | Found an opulent altar of Gozag.
    35 | D        | Became a worshipper of Vehumet
    59 | D        | Entered arena 2.
    59 | D        | Noticed a two-headed ogre
    59 | D        | Noticed a troll
    59 | D        | Found a transporter.
    66 | D        | Killed a troll
    67 | D        | Reached skill level 5 in Dodging
    67 | D        | Reached skill level 5 in Stealth
    67 | D        | Reached skill level 9 in Fire Magic
    67 | D        | Reached XP level 2. HP: 15/15 MP: 7/12
    67 | D        | Reached XP level 3. HP: 19/19 MP: 7/13
    67 | D        | Reached XP level 4. HP: 24/24 MP: 8/15
    67 | D        | Reached XP level 5. HP: 28/28 MP: 8/16
    68 | D        | Killed a two-headed ogre
    69 | D        | Reached skill level 10 in Spellcasting
    69 | D        | Reached skill level 13 in Fire Magic
    69 | D        | Reached XP level 6. HP: 32/32 MP: 8/21
    69 | D        | Reached XP level 7. HP: 36/36 MP: 8/22
    73 | D        | Learned a level 3 spell: Conjure Flame
    77 | D        | Learned a level 3 spell: Inner Flame
    82 | D        | Learned a level 4 spell: Sticky Flame
    88 | D        | Learned a level 5 spell: Fireball
   148 | D        | Entered arena 3.
   148 | D        | Found a transporter.
   149 | D        | Reached * piety under Vehumet
   149 | D        | Offered knowledge of Freeze by Vehumet.
   164 | D        | Entered arena 4.
   164 | D        | Noticed a draconian
   164 | D        | Noticed a draconian
   164 | D        | Noticed a draconian
   164 | D        | Noticed a draconian
   164 | D        | Found a transporter.
   169 | D        | Killed a draconian
   169 | D        | Reached ** piety under Vehumet
   170 | D        | Reached skill level 14 in Fire Magic
   170 | D        | Reached XP level 8. HP: 27/41 MP: 11/25
   170 | D        | Killed a draconian
   171 | D        | Killed a draconian
   172 | D        | Reached skill level 15 in Fire Magic
   172 | D        | Reached XP level 9. HP: 30/45 MP: 7/27
   180 | D        | Killed a draconian
   181 | D        | Reached skill level 5 in Evocations
   190 | D        | Got the Handbook of Blows and Bruises
   262 | D        | Entered arena 5.
   262 | D        | Found a transporter.
   264 | D        | Reached *** piety under Vehumet
   265 | D        | Reached skill level 1 in Polearms
   265 | D        | Reached skill level 16 in Fire Magic
   321 | D        | Entered arena 6.
   321 | D        | Noticed a yaktaur
   321 | D        | Noticed a yaktaur
   321 | D        | Noticed a yaktaur
   321 | D        | Noticed a yaktaur
   321 | D        | Found a transporter.
   323 | D        | Killed a yaktaur
   323 | D        | Offered knowledge of Sandblast by Vehumet.
   323 | D        | Reached **** piety under Vehumet
   323 | D        | Killed a yaktaur
   323 | D        | Shot with a bolt by a yaktaur

Illustrated notes

Levels and vault maps discovered:
D:        sprint_v [room_start, room_1, room_2, room_3, room_4, room_5, room_6,
          room_7, room_8, room_9, room_10, room_11, room_12, room_13, room_14,
          room_15, room_16, room_17, room_18, room_19, room_20, room_21,
          room_22, room_23, room_24, room_25, room_26, room_27]

Skill      XL: |  1  2  3  4  5  6  7  8  9 |
---------------+----------------------------+-----
Dodging        | 5 7 8 9 |  9.5
Stealth        | 5 7 8 |  8.7
Spellcasting   | 7 10 11 12 13 | 13.1
Fire Magic     | 9 13 14 15 16 | 16.5
Evocations     | 2 3 4 5 |  5.4
Conjurations   | 2 3 4 |  4.8
Polearms       | 1 |  1.3
Fighting       | |  0.6

Action                   |  1- 3 |  4- 6 |  7- 9 || total
-------------------------+-------+-------+-------++-------
Melee: Lance             |       |       |     7 ||     7
 Cast: Fireball          |       |       |    13 ||    13
Evoke: Wand              |     3 |       |       ||     3
       Lightning rod     |     1 |     2 |       ||     3
  Use: Scroll            |     2 |       |     1 ||     3
       Potion            |       |       |     3 ||     3
Dodge: Dodged            |       |       |     4 ||     4

Table legend: (Time is in decaauts)
 A = Elapsed time spent in this place.
 B = Non-inter-level travel time spent in this place.
 C = Inter-level travel time spent in this place.
 D = Time resting spent in this place.
 E = Time spent auto-exploring this place.
 F = Levels seen in this place.
 G = Mean time per level.
                   A        B        C        D        E       F      G
               +--------+--------+--------+--------+--------+-----+--------+
         Total |    330 |    330 |      0 |    137 |      0 |   1 |  330.0 |
       Dungeon |    330 |    330 |      0 |    137 |      0 |   1 |  330.0 |
               +--------+--------+--------+--------+--------+-----+--------+

Top non-repeatable levels by time:
       D: 330 daAuts
